 Dungeon Crawl Stone Soup version 0.30.1-11-g7821555f0a (webtiles) character file.

Game seed: 1843400057943801708

56 Nonny the Gusty (level 3, -4/19 HPs)
             Began as a Tengu Air Elementalist on Nov 10, 2023.
             Was a Believer of Jiyva.
             Slain by an iguana (14 damage)
             ... on level 2 of the Dungeon.
             The game lasted 00:07:30 (1491 turns).

Nonny the Gusty (Tengu Air Elementalist)            Turns: 1491, Time: 00:07:31

Health: -4/19      AC:  2    Str:  8    XL:     3   Next: 97%
Magic:  4/7        EV: 12    Int: 17    God:    Jiyva [**....]
Gold:   36         SH:  0    Dex: 14    Spells: 0/6 levels left

rFire   . . .        j - staff of conjuration
rCold   . . .        h - orb {*channel}
rNeg    . . .        a - +0 robe
rPois   .            (helmet restricted)
rElec   .            (no cloak)
rCorr   +            (no gloves)
SInv    .            (boots unavailable)
Will    .....        (no amulet)
Stlth   ++           (no ring)
HPRegen 1.19/turn    (no ring)
MPRegen 0.40/turn

%: channel magic (20%)
@: swift, very slightly contaminated, very quick
A: beak, talons 3
a: Renounce Religion


You were on level 2 of the Dungeon.
You worshipped Jiyva.
Jiyva was pleased with you.
You visited 1 branch of the dungeon, and saw 2 of its levels.

You collected 36 gold pieces.

Inventory:

Armour
 a - a +0 robe (worn)
 h - an orb of energy (worn)
Magical Staves
 j - a staff of conjuration (weapon)
Scrolls
 d - a scroll of enchant weapon {unknown}
 g - a scroll of teleportation {unknown}
Potions
 b - a potion of magic
 e - a potion of invisibility {unknown}
 f - 2 potions of lignification {unknown}
 i - a potion of resistance {unknown}


   Skills:
 - Level 0.4 Maces & Flails
 - Level 2.1 Dodging
 - Level 2.0 Stealth
 - Level 2.0 Spellcasting
 - Level 1.3 Conjurations
 + Level 6.2 Air Magic


You couldn't memorise any spells.
You knew the following spells:

 Your Spells              Type           Power      Damage    Failure   Level
a - Shock                 Conj/Air       84%        1d8       13%         1
b - Static Discharge      Conj/Air       42%        2-4/arc   17%         2
c - Swiftness             Air            22%        N/A       14%         3

Your spell library contained the following spells:

 Spells                   Type           Power      Damage    Failure   Level
 Airstrike                Air            11%        2d(2-18)  34%         4


Dungeon Overview and Level Annotations

Branches:
Dungeon (2/15)

Altars:
Jiyva


Innate Abilities, Weirdness & Mutations

You have a beak for a mouth.
You have claws for feet.


Message History

Confirm with . or Enter, or press ? or * to list all spells.
Aiming: Shock (safe; 13% risk of failure)
Press: ? - help, Shift-Dir - straight line, f - gnoll
Aim: a gnoll, wielding a +0 spear and quivering stones (heavily wounded, 77% to hit)
You feel a surge of power!
The zap hits the gnoll.
The gnoll is severely wounded.
Casting: Shock (safe; 13% risk of failure)
Confirm with . or Enter, or press ? or * to list all spells.
Aiming: Shock (safe; 13% risk of failure)
Press: ? - help, Shift-Dir - straight line, f/p - gnoll
Aim: a gnoll, wielding a +0 spear and quivering stones (severely wounded, 77% to hit)
You feel a surge of power!
The zap hits the gnoll!
You kill the gnoll!
Magical energy flows into your mind!
You hear a distant slurping noise.
Things that are here:
a +0 club; a gnoll corpse You see here a +0 spear.
Things that are here:
a +0 spear; 8 stones; a gnoll corpse Your magical contamination has completely faded away.
Found 12 gold pieces.
An iguana comes into view.
The iguana hisses angrily.
Casting: Shock (safe; 13% risk of failure)
Confirm with . or Enter, or press ? or * to list all spells.
Aiming: Shock (safe; 13% risk of failure)
Press: ? - help, Shift-Dir - straight line, f - iguana
Aim: an iguana (77% to hit)
You feel a surge of power!
You miscast Shock.
You are very lightly contaminated with residual magic.
Nothing appears to happen.
Magical energy flows into your mind! The iguana attacks as you move away!
The iguana bites you!
Ouch! That really hurt!
Casting: Shock (safe; 13% risk of failure)
Confirm with . or Enter, or press ? or * to list all spells.
The spell is extremely dangerous to miscast (14% risk of failure)!
Continue anyway?
You feel quick. The iguana bites you!
Ouch! That really hurt!
You die...

##........ #..
#..........#...
#..........#.... .....#
#..........#.... ....#
#...>...... #..## #...#
#..........###..## #...#
#..g.............###...#
#..... #..........


You could see an iguana.

Vanquished Creatures
  3 gnolls (D:2)
  A dart slug (D:1)
  2 giant cockroaches
  2 goblins (D:1)
  A hobgoblin (D:1)
  3 jackals (D:1)
  2 quokkas (D:1)
  2 ball pythons (D:1)
  5 bats (D:1)
  A frilled lizard (D:2)
  2 kobolds (D:1)
  3 rats
27 creatures vanquished.

Vanquished Creatures (others)
  A worm (D:1)
  A dart slug (D:1)
  An endoplasm (D:2)
  A hobgoblin (D:1)
  A jackal (D:1)
  A ball python (D:2)
  A frilled lizard (D:2)
  A rat (D:1)
8 creatures vanquished.

Grand Total: 35 creatures vanquished

Notes
Turn   | Place    | Note
-------+----------+-------------------------------------------
     0 | D:1      | Nonny the Tengu Air Elementalist began the quest for the
                  | Orb.
     0 | D:1      | Reached XP level 1. HP: 10/10 MP: 4/4
    28 | D:1      | Starting vault: THE EYE
   220 | D:1      | Found a faded altar of an unknown god.
   230 | D:1      | Prayed at the altar of an unknown god.
   230 | D:1      | Became a worshipper of Jiyva Joruqy the Shapeless
   230 | D:1      | Reached * piety under Jiyva
   289 | D:1      | Reached XP level 2. HP: 11/15 MP: 1/6
   311 | D:1      | Learned a level 2 spell: Static Discharge
   420 | D:1      | Reached skill level 5 in Air Magic
   470 | D:1      | Reached ** piety under Jiyva
   769 | D:1      | Reached XP level 3. HP: 19/19 MP: 7/7
   773 | D:1      | Learned a level 3 spell: Swiftness
  1477 | D:2      | Reached skill level 6 in Air Magic
  1491 | D:2      | Slain by an iguana

Illustrated notes

#.....###.....#
##.....#
#.....##
#..[..##
##.....#
#..#..# #..#..#
#..#..# #..#..#
#.....##
##.....#
##.....#
#.....##
#.....###.....#
##....@......##
##...<#....##
######..###
#.... ##...?
#...... .[....#
.......


Turn 28 on D:1: Starting vault: THE EYE

Levels and vault maps discovered:
D:1:      minmay_arrival_loop, layout_loops_corners,
          hellmonk_ecumenical_altar_pennies_from_heaven, minmay_pentomino_p2
D:2:      layout_basic

Skill      XL: |  1  2  3 |
---------------+----------+-----
Air Magic      | 5 6 |  6.2
Maces & Flails | |  0.4
Dodging        | |  2.1
Stealth        | |  2.0
Spellcasting   | |  2.0
Conjurations   | |  1.3

Action                     || total
---------------------------++-------
  Melee: Mace              ||     6
         Kick              ||     2
         Peck              ||     1
   Cast: Shock             ||    52
         Static Discharge  ||     3
         Swiftness         ||     1
 Armour: Robe              ||    10
  Dodge: Dodged            ||    30
